Map: Catallena LE (Void)

Players

Faz

  • Race: Terran Terran
  • League: Master
  • Spawn Location: 12:00

Ascarecrow - Winner!

  • Race: Zerg Zerg
  • League: Master
  • Spawn Location: 5:00

VOD

Have the link to the VOD?

Description

Time

  • Played on: Aug. 18, 2017, 1:03 a.m.
  • Length: 5:43
Show
View Real Time Build Order
Export as new Build Order

Faz Terran 

Build Orders: Reaper Expand 

Get SALT Encoding   

  12  0:00  SCV  
  13  0:13  SCV  
  14  0:22  Supply Depot  
  14  0:27  SCV  
  15  0:43  SCV  
  15  0:44  Barracks  
  15  0:49  Refinery  
  16  0:55  SCV  
  17  1:08  SCV  
  18  1:20  SCV  
  19  1:33  Reaper, Orbital Command  
  20  1:51  Command Center  
  20  2:00  SCV  
  21  2:05  Marine  
  22  2:14  SCV  
  23  2:15  Factory  
  23  2:16  Supply Depot  
  23  2:28  Barracks Reactor  
  23  2:38  SCV  
  24  2:50  SCV, Command Center  
  25  3:02  SCV  
  25  3:04  Orbital Command  
  26  3:09  Hellion  
  26  3:11  Hellion  
  30  3:14  SCV  
  30  3:15  Barracks Tech Lab  
  31  3:26  SCV  
  32  3:30  SCV, Hellion  
  32  3:32  Hellion  
  37  3:34  Marine  
  37  3:35  Stimpack  
  37  3:38  SCV  
  39  3:48  SCV  
  39  3:51  SCV  
  40  4:00  SCV, Barracks  
  40  4:01  Marine  
  42  4:03  SCV, Orbital Command  
  42  4:04  Barracks  
  42  4:06  Factory Reactor  
  43  4:13  SCV  
  44  4:17  SCV  
  44  4:23  Marine  
  46  4:25  Engineering Bay x2  
  46  4:32  SCV x2  
  46  4:33  SCV  
  46  4:35  Supply Depot  
  49  4:42  Refinery  
  49  4:44  SCV  
  50  4:47  Marine  
  50  4:48  SCV x2  
  50  4:51  Marine x2  
  50  4:52  Marine  
  56  4:58  Supply Depot  
  56  5:03  SCV x2  
  56  5:06  Refinery  
  54  5:10  Marine x2  
  54  5:11  Marine x2  
  52  5:22  Marine  
  52  5:25  SCV x2  
Show
View Real Time Build Order
Export as new Build Order

Ascarecrow Zerg - Winner!

Build Orders: Pool First 

Get SALT Encoding   

  12  0:01  Drone  
  13  0:12  Overlord  
  13  0:18  Drone  
  14  0:32  Drone x2  
  14  0:35  Drone  
  17  0:39  Extractor  
  16  0:45  Drone  
  17  0:55  Spawning Pool  
  17  0:56  Drone  
  17  1:18  Hatchery  
  16  1:19  Drone  
  16  1:24  Drone  
  18  1:42  Queen  
  18  1:43  Zergling x4  
  22  1:50  Metabolic Boost  
  22  1:56  Overlord  
  22  2:16  Drone x2  
  22  2:21  Queen  
  26  2:31  Drone x2  
  29  2:37  Drone  
  29  2:51  Drone  
  29  2:52  Drone x2  
  29  2:54  Drone x3  
  35  3:00  Extractor  
  35  3:01  Overlord  
  35  3:03  Drone  
  35  3:07  Roach Warren  
  34  3:13  Drone  
  34  3:14  Drone  
  37  3:27  Hatchery  
  37  3:28  Drone x3  
  37  3:31  Overlord  
  39  3:35  Overlord  
  39  3:50  Roach x5  
  39  3:55  Roach x2  
  53  3:58  Roach  
  55  4:03  Roach x2  
  55  4:07  Overlord  
  59  4:19  Zergling x2  
  60  4:28  Roach x4  
  68  4:32  Overlord  
  68  4:39  Extractor, Overlord  
  68  4:42  Drone x2  
  68  4:43  Zergling x2, Drone  
  68  4:44  Zergling x6  
  74  4:49  Overlord, Queen  
  76  4:57  Zergling x2  
  76  4:58  Zergling x4  
  77  5:25  Zergling x14  
  77  5:26  Zergling x6  
Tags
 
Add a new tag
Caveats
  • Supply blocks, unpowered buildings, or Contaminate may cause inaccurate times.
  • Supply counts are checked every 10 seconds.